 Dungeon Crawl Stone Soup version 0.28.0-45-g0d030f2227 (webtiles) character file.

Game seed: 13661100867143682611

182186 MajorAdolf the Geomancer (level 18, 170/170 HPs)
             Began as a Naga Wanderer on May 22, 2022.
             Was an Initiate of Gozag.
             Quit the game on level 2 of the Orcish Mines on May 25, 2022.
             The game lasted 01:26:35 (57113 turns).

MajorAdolf the Geomancer (Naga Wanderer)           Turns: 57113, Time: 01:26:36

Health: 170/170    AC: 29    Str: 14    XL:     18   Next: 33%
Magic:  43/43      EV:  3    Int: 18    God:    Gozag
Gold:   2920       SH: 20    Dex: 13    Spells: 28/41 levels left

rFire   + + .      SeeInvis +   u - staff of earth
rCold   + . .      Faith    .   O - +5 tower shield {rC+}
rNeg    + . .      Spirit   .   U - +2 ring mail "Adetsote" {Will+ MP+9}
rPois   +          Reflect  .   x - +0 helmet "Eculor" {rCorr}
rElec   +          Harm     .   E - +4 cloak of Gozag's Benevolence {Will++ Dex-2 Stlth+}
rCorr   +          Rampage  .   Z - +4 pair of gloves of Yredelemnul's Reproof {rPois rN+}
Will    +++++                   F - +4 barding of the Sky {rElec Dex+3}
Stlth   ++++......              S - amulet "Yreschaxo" {RegenMP rF++ Str-2}
HPRegen 0.38/turn               b - ring "Otosisio" {Fly Will++}
MPRegen 0.68/turn               I - ring of wizardry

@: flying, very slow
A: AC +6, large, see invisible, deformed body, poison resistance, slowness 2,
spit poison 1, naga tail 2
a: Spit Poison, Renounce Religion, Potion Petition, Call Merchant, Bribe Branch


You were on level 2 of the Orcish Mines.
You worshipped Gozag.
Gozag was most pleased with you.
You visited 6 branches of the dungeon, and saw 26 of its levels.
You also visited: Bailey, Gauntlet and Ice Cave.

You collected 7622 gold pieces.
You spent 3482 gold pieces at shops.
You paid 1220 gold pieces to Gozag.

Inventory:

Hand Weapons
 c - a +2 war axe of electrocution
 g - a +2 dagger of venom
Missiles
 i - 49 stones
Armour
 x - the +0 helmet "Eculor" (worn) {rCorr}
   (You found it on level 3 of the Lair of Beasts)

   rCorr:     It protects you from acid and corrosion.
 E - the +4 cloak of Gozag's Benevolence (worn) {Will++ Dex-2 Stlth+}
   (You bought it in a shop on level 2 of the Orcish Mines)

   Dex:       It affects your dexterity (-2).
   Will:      It greatly increases your willpower.
   Stlth:     It makes you more stealthy.
 F - the +4 barding of the Sky (worn) {rElec Dex+3}
   (You acquired it on level 5 of the Dungeon)

   Dex:       It affects your dexterity (+3).
   rElec:     It insulates you from electricity.
 O - a +5 tower shield of cold resistance (worn)
 U - the +2 ring mail "Adetsote" (worn) {Will+ MP+9}
   (You bought it in a shop on level 1 of the Depths)

   MP:        It affects your magic capacity (+9).
   Will:      It increases your willpower.
 Z - the +4 pair of gloves of Yredelemnul's Reproof (worn) {rPois rN+}
   (You found it in a Gauntlet)

   rPois:     It protects you from poison.
   rN:        It protects you from negative energy.
Magical Staves
 u - a staff of earth (weapon)
 W - a staff of death
Jewellery
 b - the ring "Otosisio" (left hand) {Fly Will++}
   (You bought it in a shop on level 6 of the Lair of Beasts)

   [ring of flight]

   Fly:       It grants you flight.
   Will:      It greatly increases your willpower.
 f - the ring of the Madman {Contam rC+ Int+6 Slay+3 Stlth-}
   (You found it on level 12 of the Dungeon)

   [ring of protection from cold]

   Int:       It affects your intelligence (+6).
   Slay:      It affects your accuracy & damage with ranged weapons and melee
   (+3).
   rC:        It protects you from cold.
   Contam:    It causes magical contamination when unequipped.
   Stlth:     It makes you less stealthy.
 v - a ring of protection from cold
 A - a ring of positive energy
 I - a ring of wizardry (right hand)
 S - the amulet "Yreschaxo" (around neck) {RegenMP rF++ Str-2}
   (You bought it in a shop on level 6 of the Lair of Beasts)

   [amulet of magic regeneration]

   It increases your rate of magic regeneration.
   Str:       It affects your strength (-2).
   rF:        It greatly protects you from fire.
Wands
 q - a wand of polymorph (6)
 r - a wand of iceblast (5)
 s - a wand of acid (3)
 G - a wand of charming (9)
 M - a wand of flame (4)
 N - a wand of paralysis (13)
Scrolls
 a - 2 scrolls of immolation
 d - 3 scrolls of vulnerability
 e - 3 scrolls of blinking
 h - a scroll of silence
 j - a scroll of enchant weapon
 m - 2 scrolls of brand weapon
 o - 4 scrolls of teleportation
 t - a scroll of fear
 y - a scroll of enchant armour
 B - 6 scrolls of fog
 L - a scroll of torment
 Q - a scroll of amnesia
 X - a scroll of magic mapping
 Y - a scroll of summoning
Potions
 k - 2 potions of heal wounds
 l - 6 potions of mutation
 p - a potion of ambrosia
 w - 2 potions of might
 z - a potion of resistance
 C - 2 potions of invisibility
 D - a potion of haste
 H - a potion of berserk rage
 P - 3 potions of brilliance
 T - 7 potions of curing
 V - a potion of lignification
Miscellaneous
 J - a phantom mirror (inert)
 K - a tin of tremorstones (2/2)


   Skills:
 + Level 12.9 Fighting
 - Level 7.0 Stealth
 - Level 9.0 Shields
 - Level 3.0 Unarmed Combat
 + Level 12.0 Spellcasting
 - Level 11.0 Conjurations
 + Level 7.5 Hexes
 + Level 13.2 Earth Magic
 + Level 11.6 Evocations


You had 28 spell levels left.
You knew the following spells:

 Your Spells              Type           Power      Damage    Failure   Level
a - Sandblast             Erth           100%       2d20      1%          1
b - Stone Arrow           Conj/Erth      100%       3d13      1%          3
c - Lee's Rapid Deconstr  Erth           36%        3d19*     3%          5
d - Leda's Liquefaction   Hex/Erth       32%        N/A       3%          4

Your spell library contained the following spells:

 Spells                   Type           Power      Damage    Failure   Level
 Static Discharge         Conj/Air       30%        N/A       4%          2
 Iskenderun's Battlesphe  Conj           50%        2d10      8%          5
 Summon Guardian Golem    Hex/Summ       24%        N/A       16%         3
 Apportation              Tloc           20%        N/A       24%         1
 Summon Small Mammal      Summ           40%        N/A       24%         1
 Fireball                 Conj/Fire      15%        3d8       52%         5
 Lightning Bolt           Conj/Air       15%        1d29      52%         5
 Call Canine Familiar     Summ           10%        N/A       54%         3
 Gell's Gravitas          Tloc           10%        N/A       54%         3
 Lesser Beckoning         Tloc           10%        N/A       54%         3
 Ozocubu's Armour         Ice            10%        N/A       54%         3
 Teleport Other           Tloc           10%        N/A       54%         3
 Orb of Destruction       Conj           25%        9d9       89%         7
 Olgreb's Toxic Radiance  Pois           10%        N/A       90%         4
 Statue Form              Tmut/Erth      34%        N/A       91%         6
 Conjure Ball Lightning   Conj/Air       15%        3x3d6     97%         6
 Alistair's Intoxication  Tmut/Pois      6%         N/A       99%         5
 Ozocubu's Refrigeration  Ice            5%         4d6       100%        7
 Ignition                 Fire           5%         3d4       100%        8
 Maxwell's Capacitive Co  Air            5%         ∞         100%        8


Dungeon Overview and Level Annotations

Branches:
Dungeon (15/15)            Temple (1/1) D:5            Lair (6/6) D:8
 Shoals (0/4) Lair:2       Spider (0/4) Lair:4        Slime (0/5) Lair:5
    Orc (2/2) D:9             Elf (1/3) Orc:2        Vaults (0/5) D:14
 Depths (1/4) D:15         Bailey (visited)           IceCv (visited)
Gauntlet (visited)

Altars:
Ashenzari
Cheibriados
Dithmenos
Elyvilon
Fedhas
Gozag
Hepliaklqana
Kikubaaqudgha
Makhleb
Nemelex Xobeh
Okawaru
Qazlal
Ru
Sif Muna
Trog
Uskayaw
Vehumet
Wu Jian
Xom
Yredelemnul
Zin
The Shining One
Beogh
Jiyva

Shops:
D:5 ?   Orc:2 *[[([   Lair:6 ==   Depths:1 ?[

Annotations:
D:5 exclusion: downstairs
D:9 exclusion: boulder beetle
D:13 3 runed translucent doors, Iplucs's ghost, journeyman FeBe
D:15 3 runed translucent doors, ZLogic's ghost, journeyman SpEn
Lair:5 1 runed translucent door, Zimaveycw's ghost, journeyman OpFi
Lair:6 2 transporters, Rexfelis's ghost, journeyman MiBe


Innate Abilities, Weirdness & Mutations

Your serpentine skin is tough. (AC +6)
You have supernaturally acute eyesight. (SInv)
Armour fits poorly on your strangely shaped body.
Your system is resistant to poisons. (rPois)
You cover ground very slowly.
You can spit poison.
You can use your snake-like lower body to constrict enemies.


Message History

The blast of rock fragments hits the deep elf zephyrmancer!!!
The deep elf zephyrmancer is almost dead.
The deep elf zephyrmancer gestures at you while chanting.
The bolt of lightning hits you. You resist.
Unknown command.
Unknown command.
You feel a surge of power!
The wall shatters!
The blast of rock fragments hits the deep elf zephyrmancer!
You kill the deep elf zephyrmancer!
Unknown command.
Unknown command.
Unknown command.
Unknown command.
Unknown command.
The deep elf zephyrmancer mumbles some strange words.
The deep elf zephyrmancer blinks!
You block the deep elf zephyrmancer's attack.
You hit the deep elf zephyrmancer.
You shatter the deep elf zephyrmancer!!
You kill the deep elf zephyrmancer!
No target in view!
No target in view!
You can't see any susceptible monsters within range! (Use Z to cast anyway.) Magic restored.
HP restored.
You now have 2910 gold pieces (gained 7).
You see here a +0 long sword.
You now have 2917 gold pieces (gained 7).
Things that are here:
a +0 long sword; a +0 leather armour You now have 2920 gold pieces (gained 3).
You see here a +0 rapier.
Done exploring.
Done exploring.
Done exploring.
Done exploring.
Saving game... please wait.
Welcome back, MajorAdolf the Naga Wanderer.
Gozag says: Greed is good.
Press ? for a list of commands and other information.
Are you sure you want to abandon this character and quit the game? (Confirm with "yes".)

#.......................#....
##...........................
#...........#............###
##........).............##..
#.....................##...
##....................))....
#.............#...#....#)..8
##.....[..>..#.......<.#....
##....#....@##.........##...
#....#......###.........##..
##.###.......#.......<...###
#...###.....................
##.## ###.#.##.##....###...#
### ############## #####


There were no monsters in sight!

Vanquished Creatures
  Saint Roka (Orc:2)
  An ironbound preserver (D:14)
  A stone giant (Depths:1)
  A reaper (IceCv)
  A minotaur (Gauntlet)
  An ettin (D:15)
  Erolcha (D:13)
  2 vault guards (Bailey)
  7 hydras
  A boulder beetle (D:12)
  A catoblepas (Lair:4)
  4 centaur warriors
  2 death knights
  10 death yaks
  4 two-headed ogres
  6 tengu warriors
  A deep elf knight (Elf:1)
  8 skeletal warriors
  A deep troll (D:14)
  A death drake (Gauntlet)
  3 deep elf zephyrmancers
  A necromancer (Gauntlet)
  2 orc sorcerers
  3 manticores
  3 orc knights
  5 deep elf pyromancers
  8 ugly things
  An oklob plant (Lair:5)
  8 cyclopes
  Maurice (D:13)
  A spectral centaur (Gauntlet)
  2 merfolk sirens (Lair:2)
  2 ice statues (IceCv)
  4 elephants
  5 black mambas
  2 gargoyles
  12 cane toads
  An unseen horror (D:11)
  3 rime drakes
  A freezing wraith (D:15)
  7 ice devils (IceCv)
  2 anaconda simulacra (IceCv)
  11 komodo dragons
  3 tengu conjurers
  3 entropy weaver simulacra (IceCv)
  6 trolls
  6 polar bears
  Prince Ribbit (D:7)
  5 hornets (Lair:6)
  Grinder (D:4)
  19 blink frogs
  9 slime creatures
  2 dire elephant simulacra (IceCv)
  A shadow (D:13)
  3 wraiths
  6 wyverns
  13 spriggans (Lair:6)
  5 humans (Bailey)
  39 yaks
  Eustachio (D:5)
  2 steam dragons
  7 basilisks
  21 vampire mosquitoes
  Menkaure (D:5)
  3 wargs
  A naga (shapeshifter) (D:15)
  3 harpy simulacra (IceCv)
  2 acid dragons
  17 water moccasins
  A spectral hornet (Gauntlet)
  37 orc warriors
  8 black bears
  An ice beast (D:7)
  A hornet zombie (Gauntlet)
  A necrophage (D:5)
  34 wolves
  4 ogres
  9 centaurs
  6 boggarts
  A phantom (D:6)
  Blork the orc (D:4)
  2 kobold brigands
  28 bullfrogs
  2 scorpions
  A cane toad simulacrum (Lair:3)
  A water moccasin skeleton (D:5)
  6 killer bees (D:10)
  A howler monkey (D:11)
  4 wights (D:9)
  7 centaur zombies
  6 hounds
  2 jellies (D:4)
  19 orc priests
  A gnoll shaman (D:8)
  4 iguanas
  Ijyb (D:3)
  23 orc wizards
  5 hell rats (Lair:3)
  A spriggan simulacrum (IceCv)
  A polar bear simulacrum (IceCv)
  2 killer bee zombies
  A wolf simulacrum (IceCv)
  A hound zombie (D:5)
  A howler monkey skeleton (D:7)
  12 gnolls
  6 adders
  A shadow imp (D:5)
  2 white imps
  An ufetubus (D:3)
  2 adder skeletons
  3 worms (D:2)
  2 dart slugs
  90 orcs
  8 endoplasms
  6 giant cockroaches
  10 goblins
  12 hobgoblins
  3 jackals (D:3)
  17 kobolds
  4 quokkas
  7 ball pythons
  6 bats
  2 frilled lizards (D:2)
  A rat (D:1)
742 creatures vanquished.

Vanquished Creatures (collateral kills)
  A death yak (Lair:4)
  A cane toad (Lair:4)
  A wyvern (Lair:4)
  An orc warrior (Orc:2)
  An orc wizard (Orc:2)
  2 orcs (Orc:2)
7 creatures vanquished.

Vanquished Creatures (others)
  4 bushes
  42 fungi
  49 plants
  A withered plant (Gauntlet)
96 creatures vanquished.

Grand Total: 845 creatures vanquished

Notes
Turn   | Place    | Note
-------+----------+-------------------------------------------
     0 | D:1      | MajorAdolf the Naga Wanderer began the quest for the Orb.
     0 | D:1      | MajorAdolf set off with the following items: a +0 club, a
                  | potion of haste, a +0 helmet, 28 stones, a +0 leather
                  | armour, a scroll of blinking; and the following spell
                  | memorised: Sandblast; and the following spells available to
                  | memorise: Stone Arrow
     0 | D:1      | Reached XP level 1. HP: 18/18 MP: 2/2
   401 | D:1      | Found a faded altar of an unknown god.
   722 | D:1      | Reached XP level 2. HP: 25/25 MP: 3/3
  1675 | D:2      | Reached XP level 3. HP: 31/31 MP: 5/5
  1681 | D:1      | Learned a level 3 spell: Stone Arrow
  1697 | D:2      | Reached skill level 2 in Earth Magic
  2654 | D:2      | Reached XP level 4. HP: 38/38 MP: 6/6
  3006 | D:2      | Reached skill level 3 in Earth Magic
  3617 | D:3      | Found a broken altar of Ashenzari.
  3627 | D:3      | Reached XP level 5. HP: 44/44 MP: 8/8
  3759 | D:3      | Noticed a water moccasin
  3767 | D:3      | Noticed Ijyb
  3913 | D:3      | Killed Ijyb
  4558 | D:3      | Found a runed translucent door.
  4559 | D:3      | Noticed Crazy Yiuf
  4939 | D:4      | Noticed Blork the orc
  4943 | D:4      | Killed Blork the orc
  4944 | D:4      | Reached skill level 4 in Earth Magic
  4944 | D:4      | Reached XP level 6. HP: 51/51 MP: 8/10
  5554 | D:4      | Reached skill level 5 in Earth Magic
  5554 | D:4      | Noticed Grinder
  5565 | D:4      | Killed Grinder
  5566 | D:4      | Reached skill level 6 in Earth Magic
  5566 | D:4      | Reached XP level 7. HP: 46/57 MP: 2/11
  6156 | D:4      | Noticed Edmund
  6661 | D:4      | Reached skill level 7 in Earth Magic
  6733 | D:5      | Entered Level 5 of the Dungeon
  7157 | D:3      | Found a burning altar of Makhleb.
  7886 | D:5      | Reached XP level 8. HP: 16/62 MP: 2/12
  8171 | D:5      | Found Cekyth's Magic Scroll Shop.
  8174 | D:5      | Noticed Menkaure
  8562 | D:4      | Reached skill level 8 in Earth Magic
  9320 | D:4      | Noticed Edmund
  9320 | D:4      | Edmund changed into Edmund the boggart
  9335 | D:4      | HP: 1/64 [hound[Edmund the boggart] (4)]
  9652 | D:4      | Killed Edmund the boggart
 10406 | D:6      | Noticed Eustachio
 10606 | D:5      | Killed Eustachio
 10607 | D:5      | Reached skill level 9 in Earth Magic
 10948 | D:5      | Killed Menkaure
 11214 | D:5      | Found a staircase to the Ecumenical Temple.
 11573 | D:4      | Reached XP level 9. HP: 52/70 MP: 1/16
 11802 | D:5      | Reached skill level 5 in Spellcasting
 12499 | D:5      | Reached skill level 10 in Earth Magic
 12767 | D:5      | Found a blossoming altar of Fedhas.
 13131 | Temple   | Entered the Ecumenical Temple
 13199 | Temple   | Became a worshipper of Gozag Ym Sagoz the Greedy
 13248 | D:6      | Reached skill level 1 in Shields
 13441 | D:6      | Identified the +6 falchion of the Thing {freeze, Drain
                  | rC+++ rN+ SInv}
 14079 | D:6      | Found a shimmering blue altar of Sif Muna.
 14671 | D:4      | Found a glowing golden altar of the Shining One.
 14671 | D:4      | Found a hazy altar of Hepliaklqana.
 15176 | D:3      | Noticed a cacodemon
 15427 | D:3      | Noticed Crazy Yiuf
 15427 | D:3      | Crazy Yiuf changed into Crazy Yiuf the hound
 15429 | D:3      | Killed Crazy Yiuf the hound
 16229 | D:7      | Noticed Joseph
 16237 | D:7      | Noticed Joseph
 16237 | D:7      | Joseph changed into Joseph the rime drake
 16394 | D:7      | Killed Joseph the rime drake
 16395 | D:7      | Reached skill level 11 in Earth Magic
 17144 | D:7      | Noticed Prince Ribbit
 17460 | D:8      | Reached XP level 10. HP: 55/80 MP: 9/17
 17482 | D:8      | Found a flagged portal.
 17491 | Bailey   | Entered a bailey
 18792 | Bailey   | Noticed a vault guard
 18801 | Bailey   | Killed a vault guard
 18802 | Bailey   | Reached skill level 5 in Conjurations
 18932 | Bailey   | Noticed a vault guard
 18943 | Bailey   | Killed a vault guard
 18944 | Bailey   | Reached skill level 5 in Shields
 19200 | D:8      | Reached skill level 5 in Fighting
 20402 | D:8      | Reached XP level 11. HP: 96/96 MP: 3/18
 20492 | D:5      | Bought a scroll of acquirement for 780 gold pieces
 20492 | D:5      | Acquired the +4 barding of the Sky {rElec Dex+3}
 21244 | D:7      | Killed Prince Ribbit
 21551 | D:8      | Found a staircase to the Lair.
 22123 | D:9      | Found a staircase to the Orcish Mines.
 22679 | D:9      | Found a glowing silver altar of Zin.
 22794 | D:9      | Noticed a boulder beetle
 22899 | D:9      | Found an iron altar of Okawaru.
 22960 | Orc:1    | Entered Level 1 of the Orcish Mines
 22978 | Orc:1    | Noticed a cyclops
 22991 | D:9      | Reached skill level 1 in Evocations
 23409 | Lair:1   | Entered Level 1 of the Lair of Beasts
 26297 | Lair:2   | Reached XP level 12. HP: 100/109 MP: 11/21
 27944 | Lair:2   | Found a staircase to the Shoals.
 28577 | Lair:3   | Found a frozen archway.
 28590 | IceCv    | Entered an ice cave
 29938 | IceCv    | Reached skill level 5 in Evocations
 30902 | IceCv    | Noticed a reaper
 30905 | IceCv    | Killed a reaper
 30912 | IceCv    | Identified the +0 leather armour "Ybruokh" {rPois rC+
                  | Dex+3}
 31663 | Lair:3   | Gained mutation: You can use your snake-like lower body to
                  | constrict enemies. [Naga growth]
 31663 | Lair:3   | Reached XP level 13. HP: 118/118 MP: 9/24
 32381 | Lair:3   | Identified the +0 helmet "Eculor" {rCorr}
 32926 | Lair:4   | Found a hole to the Spider Nest.
 33562 | Lair:4   | HP: 2/120 [cane toad (18)]
 35866 | Lair:5   | Found a staircase to the Slime Pits.
 35866 | Lair:5   | Found a viscous altar of Jiyva.
 36102 | Lair:5   | Found a runed translucent door.
 36102 | Lair:5   | Noticed Zimaveycw's ghost (journeyman OpFi)
 36636 | Lair:6   | Entered Level 6 of the Lair of Beasts
 37060 | Lair:5   | Reached skill level 10 in Conjurations
 37635 | Lair:5   | Found a radiant altar of Vehumet.
 37973 | Lair:6   | Found a transporter.
 37980 | Lair:6   | Noticed Rexfelis's ghost (journeyman MiBe)
 38177 | Lair:6   | Reached XP level 14. HP: 130/130 MP: 27/27
 38573 | Lair:6   | Found a transporter.
 38650 | Lair:6   | Reached skill level 10 in Fighting
 42244 | Lair:6   | Bought the amulet "Yreschaxo" {RegenMP rF++ Str-2} for 754
                  | gold pieces
 42291 | Lair:6   | Bought the ring "Otosisio" {Fly Will++} for 526 gold pieces
 42534 | D:10     | Entered Level 10 of the Dungeon
 42650 | D:10     | Found a stormy altar of Qazlal.
 43528 | D:11     | Learned a level 5 spell: Lee's Rapid Deconstruction
 43533 | D:11     | Learned a level 4 spell: Leda's Liquefaction
 43659 | D:11     | Reached skill level 10 in Spellcasting
 43679 | D:11     | Found a gate leading to a gauntlet.
 43690 | Gauntlet | Entered a Gauntlet
 43690 | Gauntlet | Found a transporter.
 43769 | Gauntlet | Found a transporter.
 43787 | Gauntlet | Found a transporter.
 43790 | Gauntlet | Found a transporter.
 43811 | Gauntlet | Found a transporter.
 43824 | Gauntlet | Found a transporter.
 43838 | Gauntlet | Found a transporter.
 43863 | Gauntlet | Found the +3 pair of seven-league boots {Rampage+∞}
 43867 | Gauntlet | Found a transporter.
 43867 | Gauntlet | Found a transporter.
 43872 | Gauntlet | Found a transporter.
 43905 | Gauntlet | Found a transporter.
 43905 | Gauntlet | Found a transporter.
 44008 | Gauntlet | Reached skill level 1 in Hexes
 44778 | Gauntlet | Identified the +4 pair of gloves of Yredelemnul's Reproof
                  | {rPois rN+}
 45101 | D:11     | Found a broken altar of Ashenzari.
 45464 | D:12     | Reached XP level 15. HP: 118/121 MP: 21/29
 46347 | D:12     | Identified the ring of the Madman {Contam rC+ Int+6 Slay+3
                  | Stlth-}
 46496 | D:13     | Noticed Erolcha
 46497 | D:13     | Noticed Maurice
 46512 | D:13     | Killed Maurice
 46799 | D:13     | Killed Erolcha
 47786 | D:13     | Found a runed translucent gate.
 47786 | D:13     | Found a runed translucent gate.
 47786 | D:13     | Found a runed translucent gate.
 47787 | D:13     | Noticed Iplucs's ghost (journeyman FeBe)
 48255 | D:14     | Reached skill level 10 in Evocations
 48807 | D:14     | Reached skill level 12 in Earth Magic
 49207 | D:14     | Found a gate to the Vaults.
 49376 | D:14     | You are sucked into a shaft and drop 1 floor!
 49376 | D:15     | Entered Level 15 of the Dungeon
 49410 | D:14     | Reached skill level 5 in Hexes
 51643 | D:15     | Reached XP level 16. HP: 152/152 MP: 8/31
 51793 | D:15     | Found a runed translucent gate.
 51794 | D:15     | Found a runed translucent gate.
 51795 | D:15     | Found a runed translucent gate.
 51795 | D:15     | Noticed a sphinx
 51795 | D:15     | Noticed ZLogic's ghost (journeyman SpEn)
 52102 | D:15     | Found a staircase to the Depths.
 53152 | Depths:1 | Entered Level 1 of the Depths
 53158 | Depths:1 | Found Ikko's Antique Armour Boutique.
 53163 | Depths:1 | Bought a runed scarf for 248 gold pieces
 53163 | Depths:1 | Bought an ichor-stained ring mail for 279 gold pieces
 53163 | Depths:1 | Identified the +2 ring mail "Adetsote" {Will+ MP+9} (You
                  | bought it in a shop on level 1 of the Depths)
 53163 | Depths:1 | Bought a faintly humming ring mail for 279 gold pieces
 53163 | Depths:1 | Identified the +3 ring mail of the Villain {Drain rPois
                  | SInv} (You bought it in a shop on level 1 of the Depths)
 53165 | Depths:1 | Found Kiorr's Magic Scroll Shop.
 53525 | D:15     | Reached XP level 17. HP: 162/162 MP: 32/32
 53526 | D:15     | Reached XP level 18. HP: 170/170 MP: 33/33
 53545 | Depths:1 | Reached skill level 13 in Earth Magic
 54213 | Orc:2    | Entered Level 2 of the Orcish Mines
 54215 | Orc:2    | Found a staircase to the Elven Halls.
 55050 | Orc:2    | Found Pajadas's Armour Shop.
 55069 | Orc:2    | Bought the +4 cloak of Gozag's Benevolence {Will++ Dex-2
                  | Stlth+} for 616 gold pieces
 55646 | Orc:2    | Noticed Saint Roka
 55708 | Orc:2    | Killed Saint Roka
 56251 | Orc:2    | Found Musafaqex's Antique Weapon Shop.
 56256 | Orc:2    | Found Calupp's Antique Armour Boutique.
 56396 | Orc:2    | Found Ofitror's Armour Boutique.
 56885 | Orc:2    | Found Xeogayv's Assorted Antiques.
 57010 | Elf:1    | Entered Level 1 of the Elven Halls
 57113 | Orc:2    | Quit the game

Illustrated notes

Levels and vault maps discovered:
D:1:      dpeg_arrival_boxes_within_box, layout_basic,
          shapermc_ecumenical_altar_hornbeckon
D:2:      layout_basic
D:3:      layout_loops_ring, makhleb_altar_promises_db, amcnicky_altar_gilded,
          grunt_ministairs_6, uniq_ijyb, uniq_crazy_yiuf_cottage
D:4:      layout_cave_pods, nicolae_overflow_hidden_temple,
          minmay_misc_feat_diagonals, uniq_edmund, uniq_blork_the_orc,
          uniq_grinder
D:5:      layout_loops_ring, lemuel_tele_altar, minmay_temple_entry_overgrown,
          serial_shops, nicolae_shop_trees, kennysheep_crisscross,
          roderic_roman_lattice, minivault_23, uniq_menkaure
D:6:      layout_basic, mainiacjoe_overflow_cross_hatched, uniq_eustachio
D:7:      layout_loops_ring, serial_co_window_serial, co_window_paths_a,
          co_window_paths_b, co_window_corner_a, co_window_of_opportunity_a,
          co_window_corner_a, co_window_paths_c, co_window_broadway_b,
          co_window_broadway_c, co_window_4corner_a, co_window_paths_d,
          uniq_prince_ribbit1, uniq_joseph
D:8:      layout_basic, lair_entry_dummy, enter_bailey_5
D:9:      layout_rooms, kennysheep_little_box, okawaru_altar_gauntlet_db,
          orc_0_dummy
D:10:     layout_cave_pools, lemuel_crystal_altar
D:11:     layout_rooms, gauntlet_entry_generic, cheibrodos_ashenzari_chains
D:12:     layout_basic
D:13:     layout_small_grid, gammafunk_ghost_spectres, lemuel_flamethrower_3,
          uniq_maurice, uniq_erolcha
D:14:     layout_irregular_city, skrybe_vaults_entry_preservation
D:15:     hangedman_depths_entry_civil_slaughter, layout_basic,
          small_statue_alley_a, gammafunk_ghost_split
Temple:   nicolae_temple_god_jail
Lair:1:   layout_cellular_growth
Lair:2:   layout_chaotic_city, elwin_shoals_entry_rooms, beast_lair_carwin_11,
          grunt_megastairs_3
Lair:3:   layout_chaotic_city, portal_ice_cave_entry_ice_simulacra, minivault_26
Lair:4:   layout_layer_cave, spider_nest_entry_web_field,
          infiniplex_staircase_pool_2, grunt_megastairs_1
Lair:5:   layout_cave_pods, slime_altar_1, basic_altar, gammafunk_ghost_grave,
          grunt_megastairs_5
Lair:6:   minmay_lair_end_enchanted_forest, layout_layer_cave,
          gammafunk_ghost_berserking_beasts
Orc:1:    layout_caves, serial_shops, shop
Orc:2:    grunt_orc_community_town_hall, layout_caves,
          grunt_orc_community_big_house_1, grunt_orc_community_big_house_2,
          grunt_orc_community_house_1, grunt_orc_community_house_3,
          grunt_orc_community_house_1, grunt_orc_community_house_2,
          grunt_orc_community_house_3, grunt_orc_community_house_1, basic_altar,
          serial_shops, shop
Elf:1:    minmay_elf_arrival_plus, layout_gridlike, serial_shops,
          nicolae_square_shop, minmay_elf_sorcery, small_chamber_with_monster
Depths:1: layout_twisted_cross, trove_entry_hex_spiral, hell_entry,
          minmay_crystal_room, nicolae_kikubaaqudgha_miasma_corner,
          serial_bayou_shore_a, minmay_shoptagon

Skill      XL: |  1  2  3  4  5  6  7  8  9 10 11 12 13 14 15 16 17 18 |
---------------+-------------------------------------------------------+-----
Stealth        | 6 7 |  7.0
Earth Magic    | 2 3 4 6 7 9 11 12 13 | 13.2
Spellcasting   | 2 3 4 5 6 7 9 10 11 12 | 12.0
Shields        | 3 5 6 7 8 9 |  9.0
Conjurations   | 3 6 7 8 10 11 | 11.0
Fighting       | 5 7 8 9 11 12 | 12.9
Evocations     | 3 5 7 9 10 11 | 11.6
Hexes          | 2 5 6 7 |  7.5
Unarmed Combat | |  3.0

Action                   |  1- 3 |  4- 6 |  7- 9 | 10-12 | 13-15 | 16-18 || total
-------------------------+-------+-------+-------+-------+-------+-------++-------
Melee: Dagger            |     5 |    37 |    39 |       |       |       ||    81
       Punch             |       |     1 |     1 |       |       |       ||     2
       Falchion          |       |       |    33 |   163 |   378 |       ||   574
       Constrict         |       |       |       |       |   102 |    44 ||   146
       Staff             |       |       |       |       |   104 |   176 ||   280
Throw: Stone             |     2 |     1 |       |       |       |       ||     3
 Cast: Sandblast         |     4 |     6 |     2 |     1 |       |       ||    13
       Stone Arrow       |       |    11 |   142 |   375 |   410 |     3 ||   941
       Lee's Rapid Decon |       |       |       |       |   170 |    96 ||   266
       Leda's Liquefacti |       |       |       |       |     2 |       ||     2
Invok: Call Merchant     |       |       |       |       |     2 |       ||     2
 Abil: Spit Poison       |    43 |    51 |    40 |    16 |     9 |       ||   159
Evoke: Wand              |       |    12 |     7 |       |     2 |     1 ||    22
       Phantom mirror    |       |       |       |     1 |     1 |     1 ||     3
       Tin of tremorston |       |       |       |       |     4 |       ||     4
  Use: Scroll            |       |       |    13 |    13 |    14 |     3 ||    43
       Potion            |       |       |     3 |     6 |     3 |     2 ||    14
 Stab: Distracted        |       |       |     1 |     1 |     7 |     1 ||    10
       Sleeping          |       |       |       |     1 |     2 |     2 ||     5
Armor: Skin              |     3 |    14 |       |       |       |       ||    17
       Robe              |       |     7 |    72 |   199 |   341 |       ||   619
       Leather armour    |       |       |       |       |    84 |    27 ||   111
       Ring mail         |       |       |       |       |       |    61 ||    61
Dodge: Dodged            |     5 |    32 |    90 |   125 |   138 |    24 ||   414
Block: Kite shield       |       |       |    36 |   216 |       |       ||   252
       Tower shield      |       |       |       |    60 |  1184 |   286 ||  1530
